 Dungeon Crawl Stone Soup version 0.28.0-45-g0d030f2227 (webtiles) character file.

Game seed: 5827463250103946923

2447 pkoi the Zephyrmancer (level 9, -5/67 HPs)
             Began as a Demigod Air Elementalist on Apr 22, 2022.
             Slain by Harold
             ... wielding a +0 dire flail
              (25 damage)
             ... on level 7 of the Dungeon.
             The game lasted 00:11:20 (10418 turns).

pkoi the Zephyrmancer (Demigod Air Elementalist)   Turns: 10418, Time: 00:11:21

Health: -5/67      AC:  5    Str: 13    XL:     9   Next: 5%
Magic:  2/20       EV: 13    Int: 29    God:
Gold:   337        SH:  0    Dex: 14    Spells: 8/18 levels left

rFire   + . .      SeeInvis .   r - +5 shortbow "Yqavorph" {flame, Str+4}
rCold   . . .      Faith    .   (shield currently unavailable)
rNeg    . . .      Spirit   .   w - +0 robe {rF+}
rPois   .          Reflect  .   f - +1 helmet
rElec   .          Harm     .   c - +0 cloak
rCorr   +          Rampage  .   (no gloves)
Will    .....                   (no boots)
Stlth   ++........              z - amulet of regeneration
HPRegen 1.01/turn               o - ring of resist corrosion
MPRegen 0.17/turn               (no ring)

@: marked
A: high MP 1, forlorn, divine attributes
a: no special abilities


You were on level 7 of the Dungeon.
You visited 1 branch of the dungeon, and saw 7 of its levels.

You collected 337 gold pieces.

Inventory:

Hand Weapons
 i - a +1 vorpal whip
 r - the +5 shortbow "Yqavorph" (weapon) {flame, Str+4}
   (You found it on level 4 of the Dungeon)

   Any ammunition fired from it burns those it strikes, dealing additional fire
   damage.
   Str:       It affects your strength (+4).
Missiles
 s - 74 arrows (quivered ammo)
 t - a throwing net
Armour
 a - a +0 robe
 c - a +0 cloak (worn)
 f - a +1 helmet (worn)
 w - a +0 robe of fire resistance (worn)
Magical Staves
 g - a staff of conjuration
Jewellery
 o - a ring of resist corrosion (left hand)
 u - an amulet of guardian spirit
 y - an amulet of the acrobat
 z - an amulet of regeneration (around neck)
Wands
 d - a wand of iceblast (13)
 q - a wand of mindburst (13)
Scrolls
 e - 2 scrolls of enchant weapon
 h - 2 scrolls of fog
 k - 7 scrolls of teleportation
 m - a scroll of blinking
 x - a scroll of fear
Potions
 b - a potion of curing {unknown}
 j - 2 potions of heal wounds {unknown}
 l - a potion of cancellation {unknown}
 n - 2 potions of resistance {unknown}
 p - 2 potions of haste {unknown}
 v - a potion of lignification {unknown}
 A - a potion of berserk rage
 C - a potion of brilliance
 E - a potion of ambrosia


   Skills:
 + Level 2.3 Fighting
 + Level 2.3 Armour
 + Level 3.1 Dodging
 - Level 1.7 Stealth
 + Level 3.2 Unarmed Combat
 * Level 5.0 Spellcasting
 - Level 0.8 Conjurations
 * Level 8.9 Air Magic


You had 8 spell levels left.
You knew the following spells:

 Your Spells              Type           Power      Damage    Failure   Level
a - Shock                 Conj/Air       100%       1d9       1%          1
b - Static Discharge      Conj/Air       35%        N/A       1%          2
c - Swiftness             Air            56%        N/A       1%          3
d - Airstrike             Air            28%        N/A       1%          4

Your spell library contained the following spells:

 Spells                   Type           Power      Damage    Failure   Level
 Conjure Flame            Conj/Fire      9%         6-21      16%         3
 Ignite Poison            Fire/Tmut/Pois 7%         N/A       19%         3
 Sticky Flame             Conj/Fire      9%         2d3       45%         4


Dungeon Overview and Level Annotations

Branches:
Dungeon (7/15)             Temple (0/1) D:5

Shops:
D:6 (

Annotations:
D:2 Sigmund
D:5 2 transporters, pkoi's ghost, novice DgGl
D:7 Harold


Innate Abilities, Weirdness & Mutations

You have an increased reservoir of magic. (+10% MP)
You shall have no god before yourself.
Your divine heritage dramatically boosts your attributes as you level up.


Message History

Press: ? - help, Q - select action, (/) - cycle Dir - move target, f/p - Harold
Aim: Harold, wielding a +0 dire flail, wearing a +0 chain mail and quivering a throwing net (lightly wounded, empty space bonus: 7/8)
The air twists around and strikes Harold!
Harold is moderately wounded.
Harold barely misses you.
Aiming: Airstrike (dangerous; 1% risk of failure)
Press: ? - help, Q - select action, (/) - cycle Dir - move target, f/p - Harold
Aim: Harold, wielding a +0 dire flail, wearing a +0 chain mail and quivering a throwing net (moderately wounded, empty space bonus: 7/8)
The air twists around and strikes Harold.
Harold is heavily wounded.
Harold barely misses you.
Casting: Airstrike (dangerous; 1% risk of failure)
Confirm with . or Enter, or press ? or * to list all spells.
Harold is struck by an arc of lightning.
Harold is heavily wounded.
The lightning grounds out.
Harold hits you with a +0 dire flail!
* * * LOW HITPOINT WARNING * * *
Unknown command.
Casting: Static Discharge (safe; 1% risk of failure)
Confirm with . or Enter, or press ? or * to list all spells.
Harold is struck by an arc of lightning!
Harold is heavily wounded.
You are struck by an arc of lightning.
* * * LOW HITPOINT WARNING * * *
Harold is struck by an arc of lightning.
Harold is severely wounded.
The lightning grounds out.
Harold hits you with a +0 dire flail!
* * * LOW HITPOINT WARNING * * *
Okay, then.
Unknown command.
Harold throws a throwing net.
The throwing net hits you.
You become entangled in the net!
You see here a throwing net.
You struggle against the net.
You struggle against the net.
Harold completely misses you.
Your magical contamination has completely faded away.
You struggle against the net.
Harold hits you with a +0 dire flail!!
* * * LOW HITPOINT WARNING * * *
You rip the net and break free!
Harold hits you with a +0 dire flail!!
You die...

....##....####.........#
...###.#.......#.#.....##
..####.##.####.#.####...#
....##.##.## #...# #...#
..#........###...####†..#
..#........#............#
..##....................#
...#.......#....>..##...#
................@..##...#
................@..######
...#.......##......#
...................#
........^.....#.####
.............##(#
..............#.#
..##..........#.#
..............#.#


You could see Harold.

Vanquished Creatures
  Pikel (D:7)
  A troll (D:7)
  An orc warrior (D:6)
  A black bear (D:5)
  2 ogres
  2 centaurs (D:6)
  4 scorpions
  A wyvern skeleton (D:5)
  5 wights (D:6)
  A howler monkey (D:6)
  A centaur zombie (D:5)
  2 orc priests
  A bullfrog skeleton (D:5)
  A gnoll shaman (D:4)
  2 hounds (D:5)
  A jelly (D:7)
  An iguana (D:6)
  8 orc wizards
  A killer bee zombie (D:7)
  5 gnolls (D:5)
  8 adders
  A shadow imp (D:6)
  2 white imps (D:6)
  2 adder skeletons (D:4)
  4 dart slugs
  27 orcs
  5 ball pythons
  5 bats
  5 endoplasms
  2 giant cockroaches
  7 hobgoblins
  4 quokkas
  A frilled lizard (D:2)
  3 goblins
  4 kobolds
  5 rats
127 creatures vanquished.

Vanquished Creatures (others)
  A draconian (D:1)
  2 gargoyles (D:1)
  2 elves (D:1)
  A formicid (D:1)
  A spriggan (D:1)
  A vampire (D:1)
  A human (D:1)
  A demigod (D:1)
  A naga (D:1)
  2 felids (D:1)
  A mummy (D:1)
  An orc (D:1)
  6 tentacles (D:1)
21 creatures vanquished.

Grand Total: 148 creatures vanquished

Notes
Turn   | Place    | Note
-------+----------+-------------------------------------------
     0 | D:1      | pkoi the Demigod Air Elementalist began the quest for the
                  | Orb.
     0 | D:1      | Reached XP level 1. HP: 14/14 MP: 5/5
     2 | D:1      | Noticed a gargoyle
     2 | D:1      | Noticed a draconian
     2 | D:1      | Noticed an elf
     2 | D:1      | Noticed a vampire
     2 | D:1      | Noticed a human
     2 | D:1      | Noticed a gargoyle
     2 | D:1      | Noticed a kraken
     2 | D:1      | Noticed a naga
     2 | D:1      | Noticed a spriggan
     2 | D:1      | Noticed a demigod
     2 | D:1      | Noticed a felid
     2 | D:1      | Noticed an elf
     2 | D:1      | Noticed a felid
     2 | D:1      | Noticed a formicid
     3 | D:1      | Killed an elf
     4 | D:1      | Killed a gargoyle
     8 | D:1      | Killed a gargoyle
     9 | D:1      | Killed a spriggan
    10 | D:1      | Killed a draconian
    11 | D:1      | Killed a felid
    12 | D:1      | Killed a vampire
    13 | D:1      | Killed a human
    15 | D:1      | Killed an elf
    16 | D:1      | Killed a formicid
    16 | D:1      | Killed a felid
    18 | D:1      | Killed a demigod
    19 | D:1      | Killed a naga
   404 | D:1      | Reached skill level 3 in Air Magic
   479 | D:1      | Reached XP level 2. HP: 20/20 MP: 4/7
   879 | D:1      | Reached skill level 1 in Unarmed Combat
   975 | D:2      | Learned a level 2 spell: Static Discharge
  1258 | D:2      | Noticed Sigmund
  1520 | D:3      | Reached XP level 3. HP: 26/26 MP: 6/8
  2292 | D:2      | Reached skill level 4 in Air Magic
  2838 | D:3      | Reached XP level 4. HP: 33/33 MP: 7/9
  3705 | D:4      | Learned a level 3 spell: Swiftness
  3767 | D:4      | Reached skill level 5 in Air Magic
  3767 | D:4      | Reached XP level 5. HP: 19/38 MP: 3/10
  4807 | D:4      | Identified the +5 shortbow "Yqavorph" {flame, Str+4}
  5006 | D:5      | Entered Level 5 of the Dungeon
  5173 | D:5      | Reached skill level 6 in Air Magic
  5257 | D:5      | Reached XP level 6. HP: 45/45 MP: 11/11
  5803 | D:5      | Reached skill level 7 in Air Magic
  5803 | D:5      | Reached XP level 7. HP: 50/50 MP: 14/14
  6024 | D:5      | Found a staircase to the Ecumenical Temple.
  6424 | D:5      | Found a transporter.
  6424 | D:5      | Identified the +10 dire flail of Division {vamp, rN+ Will+
                  | Int+2}
  6425 | D:5      | Noticed pkoi's ghost (novice DgGl)
  6426 | D:5      | Found a transporter.
  6874 | D:6      | HP: 2/50 [something/puff of flame (5)]
  7279 | D:5      | Learned a level 4 spell: Airstrike
  7492 | D:6      | Reached skill level 8 in Air Magic
  7660 | D:6      | Found Goos Xin's Antique Weapon Shop.
  8301 | D:6      | Reached XP level 8. HP: 48/58 MP: 7/17
  8530 | D:6      | Reached skill level 1 in Fighting
  8530 | D:6      | Reached skill level 1 in Armour
  9319 | D:7      | Noticed Harold
  9702 | D:7      | Noticed Pikel
  9707 | D:7      | Killed Pikel
 10241 | D:7      | Noticed a troll
 10260 | D:7      | Identified the +1 robe of Defence {rC+++ Will- Str-2 SInv}
 10288 | D:7      | Killed a troll
 10289 | D:7      | Reached skill level 5 in Spellcasting
 10289 | D:7      | Reached XP level 9. HP: 67/67 MP: 6/20
 10418 | D:7      | Slain by Harold

Illustrated notes

Levels and vault maps discovered:
D:1:      nicolae_arrival_kraken_aquarium_b, layout_basic
D:2:      layout_loops_ring, basic_altar, uniq_sigmund
D:3:      layout_loops_ring, minivault_19
D:4:      cheibrodos_quashed, layout_rooms, old_standard_altar,
          serial_bayou_pond_d
D:5:      layout_basic, minmay_temple_entry_glassed_door, gammafunk_ghost_smash,
          grunt_decor_one_mirror
D:6:      layout_cave_pools, serial_shops, nicolae_shop_trees
D:7:      layout_rooms, uniq_harold, uniq_pikel

Skill      XL: |  1  2  3  4  5  6  7  8 |
---------------+-------------------------+-----
Air Magic      | 3 4 5 6 7 8 |  8.9
Unarmed Combat | 1 2 3 |  3.2
Spellcasting   | 2 3 5 |  5.0
Dodging        | 2 3 |  3.1
Fighting       | 2 |  2.3
Armour         | 2 |  2.3
Stealth        | |  1.7
Conjurations   | |  0.8

Action                   |  1- 3 |  4- 6 |  7- 9 || total
-------------------------+-------+-------+-------++-------
 Fire: Shortbow          |       |    51 |    36 ||    87
 Cast: Shock             |    84 |    81 |     2 ||   167
       Static Discharge  |       |     1 |    11 ||    12
       Airstrike         |       |       |    50 ||    50
  Use: Scroll            |     3 |     3 |     7 ||    13
Armor: Robe              |     1 |    12 |     9 ||    22
Dodge: Dodged            |    13 |    22 |    27 ||    62
